 Dungeon Crawl Stone Soup version 0.22-a0-430-g6609fc6 (webtiles) character file.

58 Gorglomux the Sneak (level 3, -5/19 HPs)
             Began as a Spriggan Berserker on May 26, 2018.
             Slain by a black bear (8 damage)
             ... created by the rage of Trog
             ... on level 3 of the Dungeon on May 27, 2018.
             The game lasted 00:06:09 (2214 turns).

Gorglomux the Sneak (Spriggan Berserker)            Turns: 2214, Time: 00:06:10

Health: -5/19      AC:  2    Str: 18    XL:     3   Next: 76%
Magic:  4/4        EV: 20    Int:  8    God:
Gold:   86         SH:  0    Dex: 16    Spells: 2/2 levels left

rFire    + . .     SeeInvis +   a - +0 short sword
rCold    x . .     Gourm    .   (shield restricted)
rNeg     . . .     Faith    .   b - +0 animal skin
rPois    .         Spirit   .   (helmet restricted)
rElec    .         Reflect  .   (no cloak)
rCorr    .         Harm     .   (gloves unavailable)
MR       +....     Rnd*Rage +   (boots unavailable)
Stlth    +.........             (no amulet)
HPRegen  0.06/turn              i - +5 ring of strength
MPRegen  0.09/turn              d - ring of fire

@: liquid flames, glowing, very quick
A: very small, unfitting armour, see invisible, berserk 1, herbivore, speed 3,
magic resistance 1, slow metabolism 2
a: no special abilities


You were on level 3 of the Dungeon.
You were not hungry.

You visited 1 branch of the dungeon, and saw 3 of its levels.

You collected 86 gold pieces.

Inventory:

Hand Weapons
 a - a +0 short sword (weapon)
Armour
 b - a +0 animal skin (worn)
Jewellery
 d - a ring of fire (right hand)
 i - a +5 ring of strength (left hand)
Scrolls
 e - a scroll of remove curse
 k - 2 scrolls of identify {unknown}
 l - a scroll of amnesia {unknown}
 T - a scroll of teleportation
Comestibles
 c - 6 rations


   Skills:
 + Level 2.7 Fighting
 - Level 3.2 Short Blades
 - Level 4.4 Dodging
 - Level 5.1 Stealth


You had 2 spell levels left.
You didn't know any spells.
Your spell library was empty.

Dungeon Overview and Level Annotations

Branches:
Dungeon (3/15)

Altars:
Qazlal
Zin
The Shining One

Annotations:
D:3 Robin


Innate Abilities, Weirdness & Mutations

You are very small and have problems with some larger weapons.
You are too small for most types of armour.
You have supernaturally acute eyesight. (SInv)
You are a herbivore.
You cover ground extremely quickly.
You need to consume almost no food.
You tend to lose your temper in combat.
You are resistant to hostile enchantments. (MR+)


Message History

As you read the scroll labeled HOROESETUY, it crumbles to dust!
You feel blessed butt a moment!
It was a scroll of remove curse!
You are covered in liquid flames!!!
You hear an angry growl! x2
As you read the scroll butt RADOIH XIOSECO, it crumbles to dust!
You feel strangely unstable!
It was a scroll of teleportation!
T - a scroll of teleportation You are covered in liquid flames!!!
It was a potion of cancellation!
You feel strangely stable!
You feel magically purged!
You are covered in liquid flames!!!
The black bear bites you! * * * don't die
* * * The black bear claws you! * * * don't die
* * * The black bear closely misses you!
You hear an angry growl!
The black bear bites you!!! rip

#.##.###.....# #.†.
.............## ##..
###.########..########h#
#(# #....<......# #.
#..########.# #. #....##
#.# ########...#####.#
#.h.....l.........
#@######...###.### ###
##### #.# #.# #.# #.#
#.# b.#


You could see a black bear (berserk) and a leopard gecko.

Vanquished Creatures
  2 adders
  A dart slug (D:2)
  A leopard gecko (D:2)
  An orc (D:3)
  2 ball pythons
  A giant cockroach (D:1)
  6 goblins
  5 hobgoblins
  3 jackals (D:2)
  4 bats (D:1)
  3 frilled lizards
  A kobold (D:1)
  5 rats
35 creatures vanquished.

Notes
Turn   | Place    | Note
-------+----------+-------------------------------------------
     0 | D:1      | Gorglomux the Spriggan Berserker began the quest for the Orb.
     0 | D:1      | Reached XP level 1. HP: 11/11 MP: 2/2
     0 | D:1      | Fell from the grace of Trog
    20 | D:1      | Reached skill level 1 in Stealth
   213 | D:1      | Reached skill level 2 in Stealth
   305 | D:1      | Reached XP level 2. HP: 16/16 MP: 3/3
   309 | D:1      | Reached skill level 3 in Stealth
   374 | D:2      | Noticed a black bear
   374 | D:2      | Noticed a polar bear
   374 | D:2      | Noticed a black bear
   948 | D:2      | Found a stormy altar of Qazlal.
  1077 | D:3      | Found a glowing silver altar of Zin.
  1077 | D:3      | Found a glowing golden altar of the Shining One.
  1085 | D:2      | Reached skill level 4 in Stealth
  1085 | D:2      | Reached XP level 3. HP: 16/19 MP: 4/4
  1366 | D:3      | Gained mutation: You have a somewhat thin skeletal structure. (Dex +2, Stealth) [potion of mutation]
  1366 | D:3      | Gained mutation: You are partially covered in yellow scales. (AC +2) [potion of mutation]
  1366 | D:3      | Gained mutation: You evolve. [potion of mutation]
  1594 | D:2      | Lost mutation: You evolve. [potion of mutation]
  1594 | D:2      | Lost mutation: You are partially covered in yellow scales. (AC +2) [potion of mutation]
  1594 | D:2      | Lost mutation: You have a somewhat thin skeletal structure. (Dex +2, Stealth) [potion of mutation]
  1594 | D:2      | Gained mutation: You tend to lose your temper in combat. [potion of mutation]
  1594 | D:2      | Gained mutation: You are resistant to hostile enchantments. (MR+) [potion of mutation]
  1618 | D:2      | Reached skill level 5 in Stealth
  2048 | D:3      | Noticed Robin
  2176 | D:3      | Noticed a polar bear
  2176 | D:3      | Noticed a polar bear
  2176 | D:3      | Noticed a black bear
  2176 | D:3      | Noticed a polar bear
  2214 | D:3      | Slain by a black bear

Vault maps used:
D:1:      scummos_arrival_hexagon
D:2:      nicolae_overflow_hidden_temple
D:3:      lemuel_coloured_pillars_altar, grunt_temple_overflow_open,
          first_ration, uniq_robin, uniq_ijyb

Skill      XL: |  1  2  3 |
---------------+----------+-----
Stealth        | 2 4 5 |  5.1
Fighting       | |  2.7
Short Blades   | |  3.2
Dodging        | |  4.4

Action                   || total
-------------------------++-------
Melee: Short sword       ||   113
Invok: Renounce Religion ||     1
  Use: Potion            ||     5
       Scroll            ||     2
 Stab: Sleeping          ||     5
       Distracted        ||     2
Armor: Animal skin       ||     6
Dodge: Dodged            ||    95

Table legend:
 A = Spawn XP
 B = Non-spawn XP
 C = Spawn XP percentage of total XP
 D = Spawn monster count
 E = Non-spawn monster count
 F = Spawn count percentage of total count
 G = Total turns spent on level
                    A         B        C        D         E        F      G
               +---------+---------+-------+---------+---------+-------+---------
         Total |       0 |      84 |   0.0 |       0 |      35 |   0.0 |  2214
               +---------+---------+-------+---------+---------+-------+---------
           D:1 |       0 |      18 |   0.0 |       0 |      13 |   0.0 |   365
           D:2 |       0 |      30 |   0.0 |       0 |      10 |   0.0 |  1359
           D:3 |       0 |      36 |   0.0 |       0 |      12 |   0.0 |   490
               +---------+---------+-------+---------+---------+-------+---------
